Map: Thunderbird LE

Players

TemZeratul

  • Race: Terran Terran
  • League: Bronze
  • Spawn Location: 11:00

SweetLabrone - Winner!

  • Race: Protoss Protoss
  • Spawn Location: 5:00

VOD

Have the link to the VOD?

Description

Time

  • Played on: July 7, 2019, 3:58 p.m.
  • Length: 25:48
Show
View Real Time Build Order
Export as new Build Order

TemZeratul Terran 

Build Orders:  

Get SALT Encoding   

  12  0:10  Supply Depot  
  13  0:14  SCV  
  13  0:26  SCV  
  14  0:35  Barracks  
  14  0:39  SCV  
  15  0:52  SCV  
  16  1:04  SCV, Refinery  
  17  1:25  Marine  
  17  1:30  SCV  
  19  1:42  SCV  
  19  1:43  Marine  
  21  1:55  SCV  
  22  2:01  Marine  
  22  2:08  Engineering Bay  
  23  2:21  Refinery  
  23  2:28  Supply Depot  
  23  2:43  Missile Turret  
  23  2:50  Marine, SCV  
  25  2:58  Supply Depot  
  25  3:02  SCV  
  26  3:07  Marine  
  27  3:23  Factory, Missile Turret  
  27  3:37  Marine  
  28  3:54  Missile Turret  
  28  3:55  Marine  
  29  4:10  Factory Tech Lab  
  29  4:13  Marine  
  30  4:20  Armory  
  30  4:29  Missile Turret  
  30  4:30  Marine  
  31  4:47  Siege Tank  
  34  4:57  Missile Turret  
  34  5:10  Supply Depot  
  34  5:11  Marine  
  35  5:16  Terran Vehicle Weapons Level 1  
  35  5:19  Siege Tank  
  38  5:28  Marine  
  38  5:33  Missile Turret  
  39  5:40  Supply Depot  
  39  5:46  Marine  
  40  5:59  Siege Tank  
  43  6:04  Marine  
  44  6:31  Siege Tank  
  47  6:44  Marine  
  48  6:54  Starport  
  48  7:02  Marine  
  49  7:18  Terran Vehicle Weapons Level 2  
  49  7:20  Marine  
  50  7:35  Siege Tank  
  53  7:37  Marine  
  53  7:43  Starport Tech Lab  
  54  7:53  Fusion Core  
  54  7:55  Marine  
  55  8:57  Supply Depot  
  55  9:19  Battlecruiser  
  55  9:20  Missile Turret  
  61  9:29  Supply Depot  
  61  9:42  Terran Vehicle Weapons Level 3  
  61  9:51  Siege Tank  
  64  9:56  Missile Turret  
  64  10:08  Supply Depot  
  64  10:41  Missile Turret  
  57  11:10  Marine  
  58  11:15  Siege Tank  
  61  11:28  Marine  
  62  11:39  Supply Depot  
  62  11:44  Battlecruiser  
  62  11:46  Marine  
  69  11:47  Cyclone  
  72  12:04  Marine  
  73  12:19  Missile Turret  
  73  12:21  Marine  
  74  12:41  Siege Tank  
  77  12:56  Missile Turret  
  77  13:10  Marine  
  76  13:13  Siege Tank  
  58  13:28  Marine  
  56  13:46  Marine  
  57  14:03  Marine  
  57  14:06  Siege Tank  
  61  14:14  Battlecruiser  
  67  14:20  Supply Depot  
  67  14:21  Marine  
  67  14:23  Terran Vehicle And Ship Armor Level 1  
  68  14:38  Siege Tank  
  71  14:50  Supply Depot  
  71  15:01  Marine  
  72  15:13  Missile Turret  
  72  15:18  Battlecruiser  
  72  15:19  Marine  
  79  15:25  Missile Turret  
  79  15:33  Siege Tank  
  82  15:37  Marine  
  83  15:51  Missile Turret  
  83  15:54  Marine  
  84  16:05  Siege Tank  
  86  16:12  Marine  
  81  16:37  Siege Tank  
  84  17:03  Missile Turret  
  84  18:02  Missile Turret  
  84  18:05  Siege Tank  
  87  18:09  Marine  
  88  18:27  Marine  
  89  18:37  Siege Tank  
  92  18:45  Marine  
  93  18:48  Missile Turret  
  93  19:03  Marine  
  94  19:13  Missile Turret  
  94  20:45  Command Center  
  94  20:50  Refinery  
  94  21:27  Missile Turret  
  94  22:08  Refinery  
  70  23:15  Viking  
  58  23:45  Viking  
  46  24:15  Viking  
  20  24:47  Missile Turret  
  12  25:06  Missile Turret  
Show
View Real Time Build Order
Export as new Build Order

SweetLabrone Protoss - Winner!

Build Orders:  

Get SALT Encoding   

  12  0:03  Probe  
  13  0:15  Probe  
  13  0:19  Pylon  
  14  0:27  Probe  
  15  0:39  Probe  
  16  0:47  Gateway  
  16  0:54  Assimilator  
  16  0:58  Probe  
  17  1:27  Probe  
  18  1:38  Pylon  
  18  1:40  Pylon  
  18  1:43  Zealot  
  20  1:57  Cybernetics Core  
  20  2:07  Gateway  
  20  2:10  Zealot, Gateway  
  20  2:11  Gateway  
  22  2:20  Probe  
  23  2:43  Assimilator  
  23  2:48  Zealot  
  25  3:06  Nexus  
  25  3:08  Warp Gate  
  25  3:09  Pylon  
  25  3:17  Probe  
  24  3:50  Gateway  
  24  3:52  Gateway  
  24  3:56  Sentry  
  26  4:03  Adept x3  
  32  4:23  Robotics Facility  
  32  4:33  Sentry  
  34  4:44  Adept x2  
  38  5:06  Twilight Council  
  38  5:13  Forge  
  38  5:15  Warp Prism  
  40  5:54  Probe x2  
  42  6:06  Probe  
  39  6:44  Charge, Robotics Facility  
  39  6:45  Pylon  
  39  6:48  Pylon  
  39  7:02  Probe x2  
  41  7:12  Stalker x4  
  41  7:14  Probe x2, Zealot  
  41  7:15  Zealot  
  55  7:24  Immortal  
  55  7:27  Immortal  
  63  7:53  Assimilator  
  63  7:54  Protoss Ground Weapons Level 1  
  63  7:55  Assimilator  
  63  7:58  Gateway  
  63  8:10  Sentry  
  69  8:14  Zealot x4  
  77  8:36  Zealot x2  
  71  8:52  Zealot x3  
  77  9:43  Probe  
  78  9:57  Pylon  
  78  10:00  Pylon  
  78  10:15  Probe x2, Immortal  
  84  10:27  Probe  
  85  10:40  Zealot  
  85  10:41  Zealot x5  
  85  10:42  Zealot, Immortal  
  63  11:06  Adept x5  
  63  11:07  Adept x2  
  77  11:15  Warp Prism  
  79  12:04  Probe x2  
  79  12:08  Adept x3  
  83  12:09  Adept  
  87  13:00  Adept x2  
  87  13:01  Adept  
  39  13:47  Immortal x2  
  47  14:00  Blink  
  47  14:02  Probe x2  
  49  14:22  Protoss Ground Armor Level 1  
  49  14:26  Warp Prism  
  49  14:29  Stargate  
  51  14:32  Stargate  
  51  14:45  Stalker  
  51  14:46  Stalker x5  
  51  14:47  Stalker  
  65  15:03  Nexus  
  65  15:05  Pylon  
  65  15:08  Pylon  
  65  15:10  Pylon  
  65  15:17  Assimilator  
  65  15:21  Assimilator  
  65  15:31  Immortal x2  
  47  17:13  Void Ray x2  
  55  17:27  Fleet Beacon  
  55  17:32  Stargate  
  55  17:33  Stargate  
  55  17:36  Stargate  
  55  17:48  Probe x2  
  55  17:49  Probe  
  58  17:53  Warp Prism  
  60  18:12  Protoss Shields Level 1  
  60  18:14  Protoss Air Weapons Level 1, Cybernetics Core  
  60  18:30  Tempest x3  
  79  18:47  Immortal  
  79  18:48  Stalker  
  79  18:49  Stalker x4  
  89  18:58  Tempest  
  94  19:14  Probe x3  
  79  20:17  Tempest x2  
  79  20:18  Tempest  
  100  20:21  Carrier  
  100  20:23  Tempest  
  105  20:36  Stargate  
  105  20:40  Stargate  
  105  21:06  Tempest x2  
  115  21:36  Nexus  
  115  21:39  Pylon  
  115  21:40  Tempest x2  
  115  21:41  Pylon  
  115  21:44  Assimilator  
  125  21:49  Assimilator  
  125  21:50  Stalker x2  
  125  21:51  Stalker  
  125  21:54  Sentry  
  133  21:59  Sentry  
  135  22:02  Zealot  
  111  22:33  Carrier, Tempest  
  122  23:24  Warp Prism x2  
  126  23:30  Adept x2  
  130  23:35  Stalker x2  
  130  23:36  Stalker x2  
  130  23:38  Stalker  
  130  23:41  Tempest x2  
  150  24:31  Tempest x2  
Tags
 
League
Bronze
Matchup
PvT
Spawn Locations
Cross Positions
Add a new tag
Caveats
  • Supply blocks, unpowered buildings, or Contaminate may cause inaccurate times.
  • Supply counts are checked every 10 seconds.